 Dungeon Crawl Stone Soup version 0.31-a0-819-gf6de2f5ab6 (webtiles) character file.

Game seed: 4717290960442695028

1881 Joey1 the Cleaver (level 8, 0/68 HPs)
             Began as a Minotaur Berserker on Sept 23, 2023.
             Was an Elder of Trog.
             Slain by an orc wizard
             ... wielding a +0 dagger
              (2 damage)
             ... on level 6 of the Dungeon.
             The game lasted 00:07:39 (4937 turns).

Joey1 the Cleaver (Minotaur Berserker)              Turns: 4937, Time: 00:07:39

Health: 0/68       AC: -4    Str: 23    XL:     8   Next: 91%
Magic:  0/7        EV: 11    Int:  4    God:    Trog [****..]
Gold:   296        SH:  0    Dex: 11    Spells: 7/7 levels left

rFire   . . .        A - +3 hand axe (venom)
rCold   . . .        (no shield)
rNeg    . . .        g - +0 scale mail
rPois   .            (helmet restricted)
rElec   .            (no cloak)
rCorr   +            f - +0 pair of gloves
SInv    +            (no boots)
Will    .....        t - amulet of guardian spirit Stlth
                     j - ring of see invisible
HPRegen 0.31/turn    C - ring of resist corrosion
MPRegen 0.10/turn

%: guardian spirit
@: corroded
A: horns 2, retaliatory headbutt
a: Renounce Religion, Berserk, Trog's Hand, Brothers in Arms


You were on level 6 of the Dungeon.
You worshipped Trog.
Trog was greatly pleased with you.
You visited 2 branches of the dungeon, and saw 7 of its levels.

You collected 296 gold pieces.

Inventory:

Hand Weapons
 a - a +0 hand axe
 u - a +2 hand axe of draining
 z - a +0 war axe
 A - a +3 hand axe of venom (weapon)
Armour
 b - a +0 animal skin
 f - a +0 pair of gloves (worn)
 g - a +0 scale mail (worn)
Jewellery
 j - a ring of see invisible (left hand)
 t - an amulet of guardian spirit (around neck)
 C - a ring of resist corrosion (right hand)
Wands
 x - a wand of acid (8)
Scrolls
 d - 2 scrolls of vulnerability {unknown}
 i - 5 scrolls of enchant weapon
 k - 2 scrolls of poison {unknown}
 l - a scroll of fog {unknown}
 p - a scroll of blinking {unknown}
 r - 6 scrolls of identify {unknown}
 v - 4 scrolls of teleportation {unknown}
 w - a scroll of summoning {unknown}
 y - a scroll of brand weapon {unknown}
 D - 2 scrolls of enchant armour {unknown}
Potions
 c - a potion of degeneration {unknown}
 e - a potion of magic {unknown}
 h - 3 potions of heal wounds {unknown}
 m - a potion of curing {unknown}
 n - a potion of resistance {unknown}
 o - a potion of lignification {unknown}
 q - a potion of might {unknown}
 s - a potion of brilliance {unknown}
 B - a potion of enlightenment {unknown}


   Skills:
 - Level 5.0 Fighting
 * Level 12.7 Axes
 - Level 3.0 Armour
 - Level 5.0 Dodging


You had 7 spell levels left.
You didn't know any spells.
Your spell library was empty.

Dungeon Overview and Level Annotations

Branches:
Dungeon (6/15)             Temple (1/1) D:5

Altars:
Ashenzari
Cheibriados
Dithmenos
Fedhas
Gozag
Hepliaklqana
Kikubaaqudgha
Okawaru
Qazlal
Sif Muna
Trog
Vehumet
Wu Jian
Yredelemnul
Zin

Shops:
D:4 [

Portals:
Abyss: D:4

Annotations:
D:4 2 transporters, Shayle's ghost, amateur OgHs
D:6 Menkaure


Innate Abilities, Weirdness & Mutations

You have a pair of horns on your head.
You reflexively headbutt those who attack you in melee.


Message History

The jelly hits you. The acid corrodes you!
You are splashed with acid.
You resist.
A gnoll comes into view. It is wielding a +0 flail.
The phantom hits you. Menkaure casts a spell at you.
Pain shoots through your body!
Your black bear goes berserk!
The gnoll shouts!
The jelly hits you. The acid corrodes you!
You are splashed with acid.
You resist.
The orc priest begins to cast a cantrip, but forgets the words!
The phantom barely misses you. You furiously retaliate!
You headbutt the phantom, but do no damage.
You hit the phantom but do no damage.
The phantom is moderately damaged.
You hit the jelly but do no damage.
The jelly is poisoned.
Your hands burn!
You hit the orc wizard but do no damage.
The orc wizard is poisoned.
You barely miss Menkaure. Your headbutt misses Menkaure. You hit the jelly.
You kill the jelly!
Trog accepts your kill.
You barely miss the orc wizard. You barely miss the phantom.
Your black bear bites the orc.
Your black bear claws the orc.
The orc dies!
Trog accepts your kill.
The orc priest invokes the aid of Beogh against you.
Beogh smites you!
* * * LOW HITPOINT WARNING * * *
The orc wizard hits you with a +0 dagger.
* * * LOW HITPOINT WARNING * * *
The orc wizard gestures wildly while chanting.
The orc wizard flickers and vanishes for a moment.
The phantom completely misses you.
As you read the scroll labelled REPAUSS VYILETAOST, it crumbles to dust.
It is a scroll of enchant weapon.
Your +2 hand axe of venom glows red for a moment.
Menkaure hits you!
* * * LOW HITPOINT WARNING * * *
The orc wizard hits you with a +0 dagger.
You die...

#..# ##.#
#.# #..
##..#
###...###
........#
......#W#
...oh..@#
..o..ooM#
....o[go.
...g......
...go..##..
...g... #..
....... ###
..)....


You could see a phantom, a gnoll sergeant, Menkaure, an orc priest, 3 orc
wizards, 3 gnolls, 3 orcs and a friendly black bear (summoned, berserk).

Vanquished Creatures
  An acid dragon (D:5)
  A water moccasin (D:5)
  A black bear (D:5)
  3 ogres
  A phantom (D:6)
  2 bullfrogs (D:6)
  3 scorpions (D:5)
  A howler monkey (D:4)
  4 hounds
  3 jellies
  A gnoll bouda (D:5)
  2 orc priests
  A sleepcap (D:6)
  4 orc wizards
  5 iguanas
  Robin (D:2)
  12 gnolls
  12 adders
  A shadow imp (D:6)
  An ufetubus (D:5)
  3 worms
  A dart slug (D:5)
  14 orcs
  5 endoplasms
  3 giant cockroaches
  15 goblins
  10 hobgoblins
  3 kobolds
  5 quokkas
  5 ball pythons
  5 bats
  A frilled lizard (D:1)
130 creatures vanquished.

Vanquished Creatures (collateral kills)
  An orc (D:6)
1 creature vanquished.

Grand Total: 131 creatures vanquished

Notes
Turn   | Place    | Note
-------+----------+-------------------------------------------
     0 | D:1      | Joey1 the Minotaur Berserker began the quest for the Orb.
     0 | D:1      | Reached XP level 1. HP: 19/19 MP: 0/0
   381 | D:1      | Reached XP level 2. HP: 27/27 MP: 1/1
   460 | D:1      | Reached skill level 4 in Axes
  1080 | D:2      | Reached XP level 3. HP: 27/33 MP: 2/2
  1174 | D:2      | Found a glowing silver altar of Zin.
  1181 | D:2      | Noticed Robin
  1191 | D:2      | Killed Robin
  1191 | D:2      | Reached ** piety under Trog
  1196 | D:2      | Reached XP level 4. HP: 11/40 MP: 3/3
  1805 | D:3      | Reached skill level 5 in Axes
  2315 | D:4      | Reached XP level 5. HP: 35/47 MP: 4/4
  2342 | D:4      | Reached skill level 6 in Axes
  2346 | D:4      | Reached skill level 5 in Fighting
  2355 | D:4      | Reached XP level 6. HP: 10/56 MP: 2/5
  2579 | D:4      | Found Usoh's Antique Armour Shoppe.
  2635 | D:4      | Found a one-way gate to the infinite horrors of the Abyss.
  2635 | D:4      | Noticed Shayle's ghost (amateur OgHs)
  2641 | D:4      | Noticed a toenail golem
  2652 | D:4      | Reached *** piety under Trog
  2653 | D:4      | Reached skill level 7 in Axes
  2699 | D:4      | Found a transporter.
  2760 | D:4      | Found a transporter.
  2874 | D:4      | Reached XP level 7. HP: 60/61 MP: 6/6
  3115 | D:5      | Entered Level 5 of the Dungeon
  3188 | D:5      | Found a staircase to the Ecumenical Temple.
  3252 | Temple   | Entered the Ecumenical Temple
  3381 | D:5      | Reached skill level 8 in Axes
  3381 | D:5      | Reached skill level 5 in Dodging
  3607 | D:5      | Reached skill level 9 in Axes
  3617 | D:5      | Reached XP level 8. HP: 23/68 MP: 2/7
  3804 | D:5      | Reached skill level 10 in Axes
  3870 | D:5      | Reached skill level 11 in Axes
  3903 | D:5      | Found a shimmering blue altar of Sif Muna.
  4405 | D:5      | Reached **** piety under Trog
  4753 | D:6      | Reached skill level 12 in Axes
  4926 | D:6      | Noticed Menkaure
  4937 | D:6      | HP: 2/68 [Menkaure (11)]
  4937 | D:6      | Slain by an orc wizard

Illustrated notes

Levels and vault maps discovered:
D:1:      denvon_arrival_waterhouse, layout_loops_corners,
          nicolae_kite_square_tiling_tiny
D:2:      layout_loops_cross, basic_altar, uniq_robin
D:3:      corexii_shack_village, layout_loops_ring, kennysheep_potato
D:4:      layout_cave_pools, gammafunk_ghost_abyssal_escape,
          minmay_crystal_water, st_stairs_2, amcnicky_mini_corridor_feature,
          nicolae_inconvenience_store
D:5:      layout_loops_cross, lemuel_doored_altar,
          minmay_temple_entry_drinking_statues, minmay_pentangle
D:6:      layout_rooms, amethyst_killhole, uniq_menkaure
Temple:   nicolae_temple_great_sept

Skill      XL: |  1  2  3  4  5  6  7  8 |
---------------+-------------------------+-----
Axes           | 4 5 6 7 9 12 | 12.7
Fighting       | 4 5 |  5.0
Armour         | 3 |  3.0
Dodging        | 3 4 5 |  5.0

Action                     |  1- 3 |  4- 6 |  7- 9 || total
---------------------------+-------+-------+-------++-------
  Melee: Hand axe          |    46 |   109 |   162 ||   317
         Headbutt          |     7 |    20 |    32 ||    59
         Punch             |     1 |     2 |       ||     3
 Invoke: Berserk           |       |     1 |     1 ||     2
         Brothers in Arms  |       |       |     1 ||     1
    Use: Scroll            |       |       |     1 ||     1
 Armour: Animal skin       |     4 |       |       ||     4
         Scale mail        |    33 |    59 |   110 ||   202
  Dodge: Dodged            |    35 |    62 |    80 ||   177

Table legend: (Time is in decaauts)
 A = Elapsed time spent in this place.
 B = Non-inter-level travel time spent in this place.
 C = Inter-level travel time spent in this place.
 D = Time resting spent in this place.
 E = Time spent auto-exploring this place.
 F = Levels seen in this place.
 G = Mean time per level.
                   A        B        C        D        E       F      G
               +--------+--------+--------+--------+--------+-----+--------+
         Total |   4929 |   4704 |    225 |    671 |   3242 |   7 |  704.1 |
       Dungeon |   4720 |   4495 |    225 |    471 |   3242 |   6 |  786.7 |
        Temple |    208 |    208 |      0 |    200 |      0 |   1 |  208.0 |
               +--------+--------+--------+--------+--------+-----+--------+

Top non-repeatable levels by time:
     D:5: 1246 daAuts
     D:1: 902 daAuts
     D:3: 867 daAuts
     D:4: 783 daAuts
     D:2: 704 daAuts
     D:6: 216 daAuts
  Temple: 208 daAuts
